Unix NetHack Version 5.0.0-0 post-release - last build May 23 2026 06:08:33 (1c0ff79ee797540d5714e4e18072db0edd9e58ae,branch:main).

Game began 2026-05-26 04:34:20, ended 2026-05-26 05:17:32.

Brudee, neutral female human Tourist

                 --.---
                 |.(...
                 --....
                  |....
                 --....
                 |....-----
                 -.--.--..---
                 .-|.@G.....--
                   |.|........|
                 .--.|--.....%--
                 -.%.||^......<|
                |.%---|...----.|
                |...  |...|
                |.-.  |.---
                |..  .|.|
                ...  -..|
                -......--
                |......|
                ---.|.--

Brudee the Excursionist     St:25 Dx:10 Co:25 In:11 Wi:13 Ch:13  Neutral S:2303
Dlvl:3  $:440 HP:0(46) Pw:29(29) AC:8  Xp:6/492 T:6270 

Latest messages:
 You see here an arrow.
 The orc zombie hits!
 You destroy the orc zombie!
 You see here an orc corpse.
 The gecko bites!
 You kill the gecko!
 You descend the stairs.
 The hobbit wields a dagger!
 The dagger welds itself to the hobbit's hand!
 You kill the hobbit!
 You kill the gnome!
 You hear an F note squeak in the distance.
 You hear crashing rock.
 A gush of water hits your right arm!
 Somehow, your war hammer named Ogresmasher is not affected by the oxidation.
 Your gauntlets rust!
 You hear crashing rock.
 You hear crashing rock.
 You see here a tin opener.
 You hear crashing rock.
 You see here a tin opener.
 You hear crashing rock.
 The gnome wields a dagger!
 The dagger welds itself to the gnome's hand!
 You kill the gnome!
 The gnome lord thrusts his dagger.
 The gnome lord hits!
 The gnome lord thrusts his dagger.
 The gnome lord hits!
 You hit the gnome lord!
 You hear crashing rock.
 The gnome lord thrusts his dagger.
 The gnome lord hits!
 You miss the gnome lord.
 The gnome lord thrusts his dagger.
 The gnome lord hits!
 You miss the gnome lord.
 You hear crashing rock.
 The gnome lord thrusts his dagger.
 The gnome lord hits!
 You kill the gnome lord!
 You miss the gnome.
 You miss the gnome.
 The gnome hits!
 You kill the gnome!
 The dagger hits the gnome.
 The gnome hits!
 You die...
 Do you want your possessions identified? [ynq] (y) y
 Do you want to see your attributes? [ynq] (y) q

Inventory:
 Coins    ('$')
  $ - 440 gold pieces
 Amulets  ('"')
  o - an uncursed amulet of guarding (being worn)
 Weapons  (')')
  a - 26 +2 darts (at the ready)
  V - a cursed -1 elven dagger
  U - a blessed +1 dwarvish mattock
  y - the blessed rustproof +2 Ogresmasher (weapon in left hand)
 Armor    ('[')
  P - an uncursed +0 pair of gauntlets of dexterity
  D - a blessed rusty +0 pair of gauntlets of power (being worn)
  Y - an uncursed -1 pair of levitation boots
  k - an uncursed +0 Hawaiian shirt with a hibiscus flower motif (being worn)
  C - an uncursed +0 T-shirt with text "Oracle(TM) Fountains 10th Annual Wet T-Shirt Contest"
 Comestibles  ('%')
  e - 2 uncursed slime molds
  c - an uncursed apple
  b - 2 uncursed bananas
  g - 2 uncursed tripe rations
  L - a cursed rotten tin of floating eye meat
  f - an uncursed tin of sauteed lichen
 Scrolls  ('?')
  S - an uncursed scroll of destroy armor
  u - a cursed scroll of destroy armor
  K - a blessed scroll of enchant armor
  E - 2 uncursed scrolls of identify
  v - 2 uncursed scrolls of light
  j - 3 uncursed scrolls of magic mapping
  I - an uncursed scroll of remove curse
 Spellbooks  ('+')
  H - an uncursed spellbook of healing
  p - an uncursed spellbook of wizard lock
 Potions  ('!')
  N - an uncursed potion of fruit juice
  O - a potion of holy water
 Tools    ('(')
  m - an uncursed credit card
  l - an expensive camera (0:81)
  B - a magic marker (0:52)
  T - an uncursed oil lamp
  n - a cursed tin whistle
 Gems/Stones  ('*')
  M - an uncursed amber stone
  J - 2 uncursed opals
  q - an uncursed worthless piece of black glass
  r - 2 uncursed worthless pieces of green glass
  s - an uncursed worthless piece of violet glass

Brudee the Tourist's attributes:

Background:
 You were an Excursionist, a level 6 female human Tourist.
 You were neutral, on a mission for The Lady
 who was opposed by Blind Io (lawful) and Offler (chaotic).
 You were left-handed.
 You were in the Gnomish Mines, on level 3.
 You entered the dungeon 6270 turns ago.
 It was nighttime.
 You had 492 experience points, 148 more were needed to attain level 7.
 Your score was 2303 before end-of-game adjustments.

Basics:
 You had 0 out of 46 hit points.
 You had all 29 energy points (spell power).
 Your armor class was 8.
 Your wallet contained 440 zorkmids.
 Autopickup was on for '$!=+?/"' plus thrown.

Final Characteristics:
 Your strength was 25 (base:15, innate limit:18/100).
 Your dexterity was 10 (peak:11, limit:18).
 Your constitution was 25 (base:15, innate limit:18).
 Your intelligence was 11 (limit:18).
 Your wisdom was 13 (limit:18).
 Your charisma was 13 (limit:18).

Final Status:
 You weren't hungry.
 You were unencumbered.
 You were wielding a hammer.
 You were unskilled in hammer.

Final Attributes:
 You were piously aligned.
 You were cold resistant.
 You were telepathic.
 You had a small defense bonus (+2).
 You were guarded.
 You are dead.

Miscellaneous:
 You didn't encounter any bones levels.
 Total elapsed playing time was 43 minutes and 11 seconds.

Major events:
 Turn
    1: Brudee the neutral female human Tourist entered the dungeon
  799: attained the rank of Sightseer (level 3)
  806: entered the Gnomish Mines
 3946: attained the rank of Excursionist (level 6)
 6010: was bestowed with Ogresmasher by The Lady
 6270: killed by a gnome

You didn't know any spells.

Skills:
 Fighting Skills
   bare handed combat [Basic]
   two weapon combat  [Unskilled]
   riding             [Unskilled]
 Weapon Skills
   dagger             [Unskilled]
   knife              [Unskilled]
   axe                [Unskilled]
   pick-axe           [Unskilled]
   short sword        [Unskilled]
   broadsword         [Unskilled]
   long sword         [Unskilled]
   two-handed sword   [Unskilled]
   saber              [Unskilled]
   mace               [Unskilled]
   morning star       [Unskilled]
   flail              [Unskilled]
   hammer             [Unskilled]
   quarterstaff       [Unskilled]
   polearms           [Unskilled]
   spear              [Unskilled]
   trident            [Unskilled]
   lance              [Unskilled]
   bow                [Unskilled]
   sling              [Unskilled]
   crossbow           [Unskilled]
   dart               [Basic]
   shuriken           [Unskilled]
   boomerang          [Unskilled]
   whip               [Unskilled]
   unicorn horn       [Unskilled]
 Spellcasting Skills
   divination spells  [Unskilled]
   enchantment spells [Unskilled]
   escape spells      [Unskilled]

Voluntary challenges:
 Character rerolling was not enabled.
 You never genocided any monsters.
 You never polymorphed an object.
 You never changed form.
 You used no wishes.
Achievements:
 You entered a shop.
 You attained the rank of Sightseer.
 You entered the Gnomish Mines.
 You attained the rank of Excursionist.

 The Dungeons of Doom: levels 1 to 6
    Level 1:
       An altar to The Lady, a sink.
    Level 2:
       An armor shop.
       Stairs down to The Gnomish Mines.
    Level 3:
    Level 4:
       Some fountains.
    Level 5:
       An armor shop.
    Level 6:
       A sink.
 The Gnomish Mines:
    Level 3: <- You were here.
       Final resting place for
          you, killed by a gnome.


Vanquished creatures:
  a leprechaun
  a blue jelly
 an imp
  a rock piercer
  a rock mole
  2 fog clouds
  a yellow light
  a shrieker
  a gnome leader
  a kobold mummy
  a straw golem
  a little dog
  4 floating eyes
  a dwarf
  a homunculus
  2 giant bats
 an orc zombie
  4 iguanas
  a coyote
  a gas spore
  3 hobbits
  a large kobold
  2 hobgoblins
  5 cave spiders
  2 brown molds
  2 yellow molds
  3 gnomes
  5 garter snakes
  a gnome zombie
  5 geckos
  9 jackals
  a fox
  a kobold
  3 goblins
  2 sewer rats
 10 grid bugs
  a bat
  9 lichens
  2 kobold zombies
 16 newts
111 creatures vanquished.

No species were genocided or became extinct.

Game over:
                       ----------
                      /          \
                     /    REST    \
                    /      IN      \
                   /     PEACE      \
                  /                  \
                  |      Brudee      |
                  |      440 Au      |
                  |   killed by a    |
                  |      gnome       |
                  |                  |
                  |                  |
                  |       2026       |
                 *|     *  *  *      | *
        _________)/\\_//(\/(/\)/\//\/|_)_______

Aloha Brudee the Tourist...

You died in The Gnomish Mines on dungeon level 3 with 2295 points,
and 440 pieces of gold, after 6270 moves.
You were level 6 with a maximum of 46 hit points when you died.

